 Dungeon Crawl Stone Soup version 0.20-a0-791-gf6451d4 (webtiles) character file.

889 Espgualade the Skirmisher (level 8, -4/73 HPs)
             Began as a Tengu Ice Elementalist on Mar 1, 2017.
             Was a Follower of Vehumet.
             Killed from afar by Espgualade's ghost (13 damage)
             ... with a puff of frost
             ... on level 5 of the Dungeon.
             The game lasted 00:27:16 (8230 turns).

Espgualade the Skirmisher (Tengu Ice Elementalist)  Turns: 8230, Time: 00:27:17

Health: -4/73      AC: 29    Str:  5 (8)  XL:     8   Next: 6%
Magic:  20/24      EV:  2    Int: 16 (17) God:    Vehumet [*.....]
Gold:   153        SH:  0    Dex: 19 (21) Spells: 5/15 levels left

rFire    . . .     SeeInvis .   q - +2 short sword (elec)
rCold    . . .     Gourm    .   (armour currently unavailable)
rNeg     + + +     Faith    .   (no shield)
rPois    +         Spirit   .   (helmet currently unavailable)
rElec    .         Reflect  .   (cloak currently unavailable)
rCorr    .         Harm     .   (gloves currently unavailable)
MR       .....     NoTele   +   (boots unavailable)
Stlth    ++++......             (no amulet)
Regen    0.3/turn               (no ring)
MPRegen  0.2/turn               n - ring of magical power

@: agile, icy armour, tree-form, very slightly contaminated, slow
A: (beak), (talons 0), able to fly 1
a: Fly, Renounce Religion


You were on level 5 of the Dungeon.
You worshipped Vehumet.
Vehumet was aware of your devotion.
You were very hungry.
You were a tree.
You visited 2 branches of the dungeon, and saw 6 of its levels.

You collected 153 gold pieces.

Inventory:

Hand Weapons
 c - a +0 war axe
 l - a +0 shortbow of flaming
 q - a +2 short sword of electrocution (weapon)
 u - a +3 quarterstaff of chaos
Armour
 a - a +1 robe (melded)
 j - a +0 buckler
 v - a +0 cloak (melded)
 x - the +1 ring mail of Geoskorgh {rF- rC- rCorr Stlth+}
   (You found it on level 5 of the Dungeon)

   It makes you vulnerable to fire.
   It makes you vulnerable to cold.
   It protects you from acid and corrosion.
   It makes you more stealthy.
Jewellery
 n - a ring of magical power (left branch)
 p - an uncursed amulet of guardian spirit
Wands
 t - a wand of digging (13/24)
 D - a wand of acid (2/15)
 E - a wand of polymorph (10/24)
Scrolls
 f - 3 scrolls of teleportation
 k - 3 scrolls of amnesia
 y - a scroll of magic mapping
Potions
 e - a potion of mutation
 w - a potion of agility
Books
 b - a book of Frost

   Spells                             Type                      Level
   a - Freeze                         Ice                          1
   b - Throw Frost                    Conjuration/Ice              2
   c - Ozocubu's Armour               Charms/Ice                   3
   d - Throw Icicle                   Conjuration/Ice              4
   e - Summon Ice Beast               Ice/Summoning                4
 o - a book of Minor Magic

   Spells                             Type                      Level
   a - Magic Dart                     Conjuration                  1
   b - Blink                          Translocation                2
   c - Call Imp                       Summoning                    2
   d - Slow                           Hexes                        2
   e - Conjure Flame                  Conjuration/Fire             3
   f - Mephitic Cloud                 Conjuration/Poison/Air       3
Comestibles
 g - a royal jelly
 h - 2 meat rations
 m - 2 bread rations
 s - 5 fruits


   Skills:
 - Level 5.1 Fighting
 + Level 4.8 Dodging
 - Level 5.0 Stealth
 + Level 4.1 Spellcasting
 - Level 1.3 Conjurations
 - Level 2.6 Ice Magic


You had 5 spell levels left.
You knew the following spells:

 Your Spells              Type           Power        Failure   Level  Hunger
a - Freeze                Ice            ##..         8%          1    None
b - Throw Frost           Conj/Ice       #.....       12%         2    ##.....
c - Ozocubu's Armour      Chrm/Ice       #.......     34%         3    ###....
d - Throw Icicle          Conj/Ice       #.......     75%         4    ####...


Dungeon Overview and Level Annotations

Branches:
Dungeon (5/15)             Temple (1/1) D:4

Altars:
Cheibriados
Dithmenos
Elyvilon
Fedhas
Gozag
Hepliaklqana
Kikubaaqudgha
Makhleb
Nemelex Xobeh
Okawaru
Qazlal
Ru
Sif Muna
Trog
Uskayaw
Vehumet
Wu Jian
Xom
Zin

Shops:
D:5 *(=

Annotations:
D:4 Blork the orc
D:5 Espgualade's ghost, novice TeIE


Innate Abilities, Weirdness & Mutations

((You have a beak for a mouth.))
((You have claws for feet.))
You can fly.


Message History

Lightning courses through Espgualade's ghost!
Your kick misses Espgualade's ghost.
Espgualade's ghost is heavily damaged.
Espgualade's ghost closely misses you.
You hit Espgualade's ghost but do no damage.
Lightning courses through Espgualade's ghost!
Espgualade's ghost is severely damaged.
Espgualade's ghost closely misses you.
Espgualade's ghost gestures at you while chanting.
The puff of frost hits you!
You miss Espgualade's ghost.
Espgualade's ghost is severely damaged.
Espgualade's ghost casts a spell at you.
You are frozen.
* * * LOW HITPOINT WARNING * * *
You turn into a tree.
Your +0 cloak melds into your body.
Your +1 robe melds into your body.
Your roots penetrate the ground.
Espgualade's ghost gestures at you while chanting.
The puff of frost hits you!
You die...

.......................#
.###...##.####..##.###.#
###.....#.####..##.# #.#
##...##.......##.# #.#
##.########.#...###.#
#.# #.........# #.#
###.####### ##'## #W#
##...## #♣# ##.....##
##.# ##.......## ##..#
#.........####...##
'.........+.......#
#.........####...####
##.......## ##.....#
##.....## ##....#
##...## ##...#


You could see Espgualade's ghost.

Vanquished Creatures
  A sky beast (D:5)
  An ogre (D:5)
  A centaur (D:5)
  2 crimson imps (D:5)
  2 hounds
  3 orc priests
  Crazy Yiuf (D:4)
  A jelly (D:5)
  An orc wizard (D:5)
  Jessica (D:2)
  Natasha (thrice) (D:2)
  A worker ant (D:4)
  Robin (D:2)
  6 adders
  5 worms
  4 dart slugs
  5 leopard geckos
  16 orcs
  A giant cockroach (D:4)
  12 goblins
  9 hobgoblins
  15 jackals
  2 quokkas
  A ball python (D:2)
  4 bats
  3 frilled lizards
  8 kobolds
  6 rats
116 creatures vanquished.

Notes
Turn   | Place    | Note
-------+----------+-------------------------------------------
     0 | D:1      | Espgualade the Tengu Ice Elementalist began the quest for the Orb.
     0 | D:1      | Reached XP level 1. HP: 10/10 MP: 4/4
    53 | D:1      | Reached skill level 1 in Fighting
   101 | D:1      | Reached XP level 2. HP: 14/16 MP: 6/6
   108 | D:1      | Learned a level 2 spell: Throw Frost
   827 | D:2      | Reached XP level 3. HP: 16/22 MP: 5/7
   832 | D:2      | Learned a level 3 spell: Ozocubu's Armour
   890 | D:2      | Noticed Natasha
   923 | D:2      | Killed Natasha
  1008 | D:2      | Noticed Natasha
  1081 | D:2      | Reached XP level 4. HP: 25/28 MP: 6/8
  1334 | D:2      | Found a stormy altar of Qazlal.
  1348 | D:2      | Noticed Robin
  1422 | D:2      | Noticed Jessica
  1428 | D:2      | Killed Jessica
  2373 | D:3      | Gained mutation: You can fly. [Tengu growth]
  2373 | D:3      | Reached XP level 5. HP: 34/34 MP: 6/9
  3040 | D:3      | Found a sparkling altar of Nemelex Xobeh.
  3271 | D:3      | Reached skill level 5 in Fighting
  3881 | D:4      | Noticed Blork the orc
  3957 | D:4      | Found a staircase to the Ecumenical Temple.
  3965 | Temple   | Entered the Ecumenical Temple
  3982 | Temple   | Became a worshipper of Vehumet
  4070 | D:4      | Found a snail-covered altar of Cheibriados.
  4353 | D:4      | Reached XP level 6. HP: 20/40 MP: 10/10
  4601 | D:2      | Killed Robin
  4713 | D:2      | Found a blossoming altar of Fedhas.
  4954 | D:2      | Killed Natasha
  5446 | D:2      | Noticed Natasha
  5460 | D:2      | Killed Natasha
  5534 | D:4      | Learned a level 4 spell: Throw Icicle
  5912 | D:4      | Found a runed door.
  5944 | D:4      | Noticed Crazy Yiuf
  5952 | D:4      | Killed Crazy Yiuf
  6057 | D:4      | Found an ancient bone altar of Kikubaaqudgha.
  6503 | D:5      | Entered Level 5 of the Dungeon
  6610 | D:5      | Reached * piety under Vehumet
  6610 | D:5      | Offered knowledge of Flame Tongue by Vehumet.
  6610 | D:5      | Reached XP level 7. HP: 28/44 MP: 12/12
  6624 | D:5      | Got a heavily runed ring mail
  6638 | D:5      | Found Diamm's Elemental Accessories.
  6927 | D:5      | Found Amezai's Jewellery Boutique.
  6927 | D:5      | Found Ozynohad's Weapon Emporium.
  7025 | D:5      | Identified the cursed +1 ring mail of Geoskorgh {rF- rC- rCorr Stlth+} (You found it on level 5 of the Dungeon)
  7534 | D:5      | Noticed Espgualade's ghost (novice TeIE)
  7554 | D:5      | HP: 1/44 [Espgualade's ghost/puff of frost (18)]
  7995 | D:5      | Reached skill level 5 in Stealth
  7995 | D:5      | Reached XP level 8. HP: 29/49 MP: 11/15
  8230 | D:5      | Killed from afar by Espgualade's ghost

Vault maps used:
D:1:      dpeg_arrival_ternary
D:2:      nicolae_overflow_hidden_temple, first_bread, fedhas_altar_fruit_tree,
          uniq_natasha, uniq_robin, uniq_jessica
D:3:      old_standard_altar, kennysheep_cross_bottleneck
D:4:      kennysheep_slug_shrine, nicolae_overflow_crystal_walls,
          minmay_temple_entry_hall, uniq_crazy_yiuf_cottage, uniq_blork_the_orc
D:5:      kennysheep_mini, serial_shops, shop, shop, nicolae_elemental_shop
Temple:   minmay_freezing_vapour_temple

Skill      XL: |  1  2  3  4  5  6  7 |
---------------+----------------------+-----
Fighting       | 1 2 3 4 5 |  5.1
Stealth        | 3 5 |  5.0
Dodging        | 3 4 |  4.8
Spellcasting   | 3 4 |  4.1
Conjurations   | |  1.3
Ice Magic      | |  2.6

Action                   |  1- 3 |  4- 6 |  7- 9 || total
-------------------------+-------+-------+-------++-------
Melee: Dagger            |    41 |    73 |       ||   114
       Peck              |     8 |    29 |     5 ||    42
       Kick              |     6 |    30 |     9 ||    45
       War axe           |       |    88 |    14 ||   102
       Short sword       |       |       |    41 ||    41
 Cast: Freeze            |    28 |    95 |     8 ||   131
       Ozocubu's Armour  |       |     4 |     3 ||     7
       Throw Frost       |       |       |     7 ||     7
Evoke: Wand              |       |       |     1 ||     1
  Use: Scroll            |     4 |     5 |     5 ||    14
       Potion            |       |     1 |     9 ||    10
 Stab: Sleeping          |     2 |     5 |     2 ||     9
       Distracted        |       |     3 |       ||     3
  Eat: Chunk             |     1 |     5 |     2 ||     8
       Bread ration      |       |     2 |       ||     2
       Fruit             |       |     1 |     3 ||     4
       Meat ration       |       |     1 |       ||     1
Armor: Robe              |     5 |    28 |    16 ||    49
       Skin              |       |    10 |     3 ||    13
Dodge: Dodged            |    29 |   111 |    23 ||   163
Block: Buckler           |       |    24 |     4 ||    28
